 Dungeon Crawl Stone Soup version 0.31-a0-1291-g5386780bc2 (webtiles) character file.

Game seed: 3033942855863976403

11204 Nattfarinn the Fighter (level 12, -3/99 HPs)
             Began as a Djinni Conjurer on Dec 18, 2023.
             Was a Believer of Ashenzari.
             Slain by a freezing wraith (7 damage)
             ... on level 9 of the Dungeon.
             The game lasted 00:43:40 (14356 turns).

Nattfarinn the Fighter (Djinni Conjurer)           Turns: 14356, Time: 00:43:41

Health: -3/99      AC: 10    Str: 15    XL:     12   Next: 4%
Gold:   364        EV: 18    Int: 21    God:    Ashenzari [**....] SH:  5 Dex: 18

rFire   + + +        N - +1 war axe "Per Aspera Ad Scientiam" {protect, rN+ Str+5, Elem, Self} (curse)
rCold   . . .        (no shield)
rNeg    + . .        A - +0 leather armour {rF+}
rPois   ∞            (no helmet)
rElec   .            y - +2 cloak of the Wild Blue Yonder {Fort, Self} (curse)
rCorr   .            t - +2 pair of gloves
SInv    +            (boots unavailable)
Will    +....        s - amulet of reflection
Stlth   ++           i - ring "Ensconced With Me" {Dex+6, Comp, Fort} (curse)
HPRegen 0.36/turn    D - ring of protection from cold
MPRegen 0.00/turn

%: reflection, infuse magic (-4 HP)
@: flying, very slightly contaminated, hasted and slowed
A: sickness immunity, fire resistance 2, cold vulnerability 1, float, innate
caster, HP casting, extra vitality 1
a: Renounce Religion, Curse Item, Shatter the Chains


You were on level 9 of the Dungeon.
You worshipped Ashenzari.
Ashenzari was pleased with you.
You visited 2 branches of the dungeon, and saw 10 of its levels.
You also visited: Ossuary.

You collected 449 gold pieces.
You spent 85 gold pieces at shops.

Inventory:

Hand Weapons
 a - the +10 dark maul {heavy}
   (You found it on level 8 of the Dungeon)
 n - a +2 dagger of draining
 x - a +3 dagger
 N - the cursed +1 war axe "Per Aspera Ad Scientiam" (weapon) {protect, rN+ Str+5, Elem, Self}
   (You found it on level 8 of the Dungeon)

   Str+5:     It affects your strength (+5).
   rN+:       It protects you from negative energy.
   It has a curse which improves the following skills: Elements: Fire Magic, Ice
   Magic, Air Magic and Earth Magic.
   Introspection: Fighting and Spellcasting.
Armour
 k - a +0 buckler
 t - a +2 pair of gloves (worn)
 y - the cursed +2 cloak of the Wild Blue Yonder (worn) {Fort, Self}
   (You found it on level 5 of the Dungeon)

   It has a curse which improves the following skills: Fortitude: Armour and
   Shields.
   Introspection: Fighting and Spellcasting.
 A - a +0 leather armour of fire resistance (worn)
 M - +0 steam dragon scales
Jewellery
 i - the cursed ring "Ensconced With Me" (left hand) {Dex+6, Comp, Fort}
   (You found it on level 1 of the Dungeon)

   [ring of dexterity]

   Dex+6:     It affects your dexterity (+6).
   It has a curse which improves the following skills: Companions: Summonings
   and Necromancy.
   Fortitude: Armour and Shields.
 r - a +6 ring of dexterity
 s - an amulet of reflection (around neck)
 D - a ring of protection from cold (right hand)
 F - a ring of resist corrosion
Wands
 u - a wand of polymorph (10)
 B - a wand of iceblast (9)
 G - a wand of mindburst (20)
Scrolls
 b - a scroll of enchant weapon
 c - 2 scrolls of teleportation
 f - a scroll of torment
 p - 2 scrolls of poison
 q - 3 scrolls of fog
 E - a scroll of revelation
 H - 3 scrolls of silence
Potions
 e - 2 potions of haste
 g - 3 potions of brilliance
 h - 5 potions of lignification
 l - 2 potions of attraction
 m - 2 potions of mutation
 o - 2 potions of resistance
 v - 4 potions of enlightenment
 w - 2 potions of cancellation
 K - a potion of ambrosia
 L - 2 potions of might


   Skills:
 - Level 12.1(13.7) Fighting
 - Level 6.6(8.4) Armour
 - Level 10.7 Dodging
 - Level 1.5 Stealth
 - Level 6.1(7.9) Spellcasting
 - Level 6.1 Conjurations
 - Level 6.1 Hexes
 - Level 6.1(7.3) Summonings
 - Level 6.1(7.3) Necromancy
 - Level 6.1 Translocations
 - Level 6.1 Transmutations
 - Level 6.1(7.3) Fire Magic
 - Level 6.1(7.3) Ice Magic
 - Level 6.1(7.3) Air Magic
 - Level 6.1(7.3) Earth Magic
 - Level 6.1 Poison Magic
 + Level 2.0 Evocations


You knew the following spells:

 Your Spells              Type           Power      Damage    Failure   Level
a - Magic Dart            Conj           100%       1d8       1%          1
b - Searing Ray           Conj           68%        2d6       1%          2
c - Dazzling Flash        Conj/Hex       68%        N/A       2%          3
d - Fulminant Prism       Conj/Hex       17%        3d11      8%          4
e - Iskenderun's Mystic   Conj/Tloc      34%        2d8       8%          4
f - Summon Small Mammal   Summ           100%       N/A       1%          1
g - Jinxbite              Hex            68%        N/A       1%          2
h - Teleport Other        Tloc           34%        N/A       2%          3
i - Tukima's Dance        Hex            34%        N/A       2%          3
j - Cause Fear            Hex            17%        N/A       8%          4
Your spell library was empty.

Dungeon Overview and Level Annotations

Branches:
Dungeon (9/15)             Temple (1/1) D:6            Lair (0/5) D:8
Ossuary (visited)
    Orc: D:9-12

Altars:
Ashenzari
Cheibriados
Dithmenos
Elyvilon
Fedhas
Gozag
Hepliaklqana
Makhleb
Nemelex Xobeh
Okawaru
Qazlal
Ru
Trog
Uskayaw
Wu Jian
Xom
Yredelemnul
Zin
The Shining One

Shops:
D:9 *

Annotations:
D:5 1 runed translucent door, Crazy Yiuf
D:9 2 transporters, GreatBamboolord's ghost, novice TrFi


Innate Abilities, Weirdness & Mutations

You are immune to sickness and miasma.
You are immune to poison.
Your flesh is very heat resistant. (rF++)
You are vulnerable to cold. (rC-)
You float through the air rather than walking.
You learn spells naturally, not from books.
Your magical power is your life essence.
You have superior vitality. (+4 MHP)


Message History

You erupt in a blast of force!
The mystic blast hits the freezing wraith but does no damage.
The freezing wraith is heavily damaged.
The freezing wraith hits you. The freezing wraith freezes you!!
* * * LOW HITPOINT WARNING * * *
The freezing wraith hits you!
* * * LOW HITPOINT WARNING * * *
The freezing wraith drains your vigour!
You feel as though you will be slow longer.
The freezing wraith barely misses you. The freezing wraith hits you.
* * * LOW HITPOINT WARNING * * *
Okay, then.
You feel better.
The freezing wraith completely misses you.
The freezing wraith closely misses you.
You feel yourself speed up. The freezing wraith misses you.
The freezing wraith hits you.
* * * LOW HITPOINT WARNING * * *
The freezing wraith hits you but does no damage.
The freezing wraith hits you.
* * * LOW HITPOINT WARNING * * *
The freezing wraith drains your vigour!
You feel as though you will be slow longer.
The freezing wraith attacks as it pursues you!
The freezing wraith misses you. You block the freezing wraith's attack.
Okay, then.
Casting: Iskenderun's Mystic Blast (dangerous; 8% risk of failure)
Confirm with . or Enter, or press ? or * to list all spells.
Okay, then.
Casting: Iskenderun's Mystic Blast (dangerous; 8% risk of failure)
Confirm with . or Enter, or press ? or * to list all spells.
Casting: Cause Fear (dangerous; 8% risk of failure)
Press: ? - help, Dir - look around, f - activate
Okay, then.
Casting: Cause Fear (dangerous; 8% risk of failure)
Confirm with . or Enter, or press ? or * to list all spells.
You miscast Iskenderun's Mystic Blast.
Nothing appears to happen.
* * * LOW HITPOINT WARNING * * *
The freezing wraith hits you!
You die...

........................#..#.....
#############################..#.
...#....................#..^...#.
...#....................#......#.
.....................[..#......#.
......................###.####.##
#####################.#...#.....'
######..#############.#...#.....#
......##.##....W@...#.#'#.#'#####
#.#.#.##.##.###.###.#...#....#...
.....##...##.#$.?#.##...#....#...
.#.#.##.#.##.##.##.#..###.#..#..#
....##..#..##.#=#.##......#.....#
#.#.##.######.###.#.......#.....#
...##)...#..##.#.##..#########..'
.#.#####....##.#.#...#.......####
#.##...####..##.##...#...........


You could see a freezing wraith.

Vanquished Creatures
  A catoblepas (D:9)
  2 two-headed ogres (D:9)
  A deep elf pyromancer (D:9)
  2 cyclopes
  2 kobold demonologists (D:9)
  A troll (D:9)
  Sigmund (D:5)
  A slime creature (D:9)
  3 wyverns
  5 yaks (D:8)
  A wraith (Ossuary)
  A steam dragon (D:8)
  An acid dragon (D:8)
  Duvessa (D:5)
  3 water moccasins
  A black bear (D:8)
  2 ice beasts (D:5)
  2 sky beasts
  An orc warrior (D:9)
  4 centaurs (D:9)
  3 phantoms
  A kobold brigand (D:9)
  8 bullfrogs
  2 gnoll sergeants
  3 scorpions
  3 wights
  Dowan (D:5)
  21 killer bees
  6 howler monkeys
  6 hounds
  5 orc priests
  Ijyb (D:3)
  2 sleepcaps
  5 iguanas
  Terence (D:3)
  10 orc wizards
  3 mummies (Ossuary)
  A killer bee simulacrum (D:9)
  Robin (D:2)
  6 gnolls
  9 adders
  2 shadow imps
  A white imp (D:7)
  A worm (D:2)
  16 orcs
  8 endoplasms
  3 giant cockroaches
  13 goblins
  13 hobgoblins
  3 jackals (D:1)
  7 quokkas
  2 ball pythons
  6 bats
  4 frilled lizards
  A gnoll zombie (Ossuary)
  A goblin zombie (Ossuary)
  4 hobgoblin zombies (Ossuary)
  2 kobolds
  A kobold zombie (Ossuary)
  3 rats
225 creatures vanquished.

Vanquished Creatures (collateral kills)
  A two-headed ogre (D:8)
  A dancing weapon (D:9)
  An orc warrior (D:8)
  4 wights
  A gnoll (D:6)
8 creatures vanquished.

Vanquished Creatures (others)
  10 dancing weapons
  12 fulminant prisms
22 creatures vanquished.

Grand Total: 255 creatures vanquished

Notes
Turn   | Place    | Note
-------+----------+-------------------------------------------
     0 | D:1      | Nattfarinn the Djinni Conjurer began the quest for the Orb.
     0 | D:1      | Nattfarinn set off with the following spells memorised:
                  | Magic Dart, Searing Ray, Dazzling Flash, Fulminant Prism,
                  | Iskenderun's Mystic Blast.
     0 | D:1      | Reached XP level 1. HP: 15/15 MP: 0/0
   132 | D:1      | Reached XP level 2. HP: 18/21 MP: 0/0
   495 | D:1      | Reached XP level 3. HP: 22/25 MP: 0/0
   495 | D:1      | Learned a level 1 spell: Summon Small Mammal
  1025 | D:2      | Noticed Robin
  1251 | D:2      | Killed Robin
  1252 | D:2      | Reached XP level 4. HP: 7/31 MP: 0/0
  1970 | D:3      | Reached XP level 5. HP: 29/35 MP: 0/0
  1970 | D:3      | Learned a level 2 spell: Jinxbite
  2023 | D:3      | Noticed Terence
  2032 | D:3      | Killed Terence
  2033 | D:3      | Reached skill level 5 in Spellcasting
  2033 | D:3      | Reached skill level 5 in Conjurations
  2033 | D:3      | Reached skill level 5 in Hexes
  2033 | D:3      | Reached skill level 5 in Summonings
  2033 | D:3      | Reached skill level 5 in Necromancy
  2033 | D:3      | Reached skill level 5 in Translocations
  2033 | D:3      | Reached skill level 5 in Transmutations
  2033 | D:3      | Reached skill level 5 in Fire Magic
  2033 | D:3      | Reached skill level 5 in Ice Magic
  2033 | D:3      | Reached skill level 5 in Air Magic
  2033 | D:3      | Reached skill level 5 in Earth Magic
  2033 | D:3      | Reached skill level 5 in Poison Magic
  2110 | D:3      | Noticed Ijyb
  2122 | D:3      | Killed Ijyb
  2596 | D:4      | Reached XP level 6. HP: 33/40 MP: 0/0
  3188 | D:4      | Reached XP level 7. HP: 38/45 MP: 0/0
  3188 | D:4      | Learned a level 3 spell: Teleport Other
  3611 | D:5      | Entered Level 5 of the Dungeon
  3637 | D:5      | Reached skill level 1 in Fighting
  3638 | D:5      | Reached skill level 2 in Fighting
  3895 | D:5      | Found a runed translucent door.
  3896 | D:5      | Noticed Crazy Yiuf
  3940 | D:5      | Noticed a wyvern
  3948 | D:5      | Killed a wyvern
  3949 | D:5      | Reached skill level 4 in Fighting
  3949 | D:5      | Noticed Duvessa
  3949 | D:5      | Noticed Dowan
  4090 | D:4      | Reached XP level 8. HP: 50/58 MP: 0/0
  4140 | D:5      | Killed Duvessa
  4141 | D:5      | Reached skill level 5 in Fighting
  4304 | D:5      | Killed Dowan
  4454 | D:5      | Reached skill level 6 in Fighting
  4658 | D:5      | Noticed Sigmund
  4670 | D:5      | Killed Sigmund
  4671 | D:5      | Reached skill level 7 in Fighting
  4929 | D:6      | Reached XP level 9. HP: 43/70 MP: 0/0
  4929 | D:6      | Learned a level 3 spell: Tukima's Dance
  4933 | D:6      | Reached skill level 8 in Fighting
  5289 | D:6      | Reached skill level 9 in Fighting
  5941 | D:6      | Reached skill level 10 in Fighting
  6015 | D:6      | Found a staircase to the Ecumenical Temple.
  6021 | Temple   | Entered the Ecumenical Temple
  6135 | Temple   | Became a worshipper of Ashenzari the Shackled
  6937 | D:7      | Reached skill level 11 in Fighting
  6937 | D:7      | Reached XP level 10. HP: 36/82 MP: 0/0
  7860 | D:8      | Found a sand-covered staircase.
  7906 | Ossuary  | Entered an ossuary
  8099 | Ossuary  | Reached skill level 12 in Fighting
  8541 | D:8      | Reached skill level 1 in Armour
  8644 | D:8      | Identified the +1 war axe of Ytat {protect, rN+ Str+5}
  8665 | D:8      | Noticed a cyclops
  9088 | D:8      | Found a basalt altar of Yredelemnul.
  9116 | D:8      | Found a glowing golden altar of the Shining One.
  9118 | D:8      | Noticed an angel
  9348 | D:8      | Noticed a two-headed ogre
  9349 | D:8      | Noticed a cyclops
  9711 | D:8      | Reached skill level 5 in Dodging
  9934 | D:8      | Reached * piety under Ashenzari
 10102 | D:8      | Found a staircase to the Lair.
 10134 | D:8      | Noticed a cyclops
 10170 | D:8      | Killed a cyclops
 10271 | D:8      | Killed a two-headed ogre
 10272 | D:8      | Reached XP level 11. HP: 67/92 MP: 0/0
 10272 | D:8      | Learned a level 4 spell: Cause Fear
 10441 | D:9      | Noticed a centaur warrior
 10446 | D:9      | Noticed GreatBamboolord's ghost (novice TrFi)
 10466 | D:9      | Found a transporter.
 10826 | D:9      | Reached skill level 5 in Armour
 11020 | D:9      | Reached ** piety under Ashenzari
 11191 | D:9      | Identified the ring of Wisdom {rElec rCorr MP+9 Str+3}
 11191 | D:9      | Found the +8 trishula "Condemnation" {holy, anguish, *Noise
                  | Fly rN+}
 11195 | D:9      | Noticed a catoblepas
 11195 | D:9      | Noticed a boulder beetle
 11195 | D:9      | Noticed a cyclops
 11195 | D:9      | Noticed a deep elf pyromancer
 11262 | D:9      | Noticed a two-headed ogre
 11266 | D:9      | HP: 2/93 [two-headed ogre/+0 giant club (14)]
 11549 | D:9      | Noticed a two-headed ogre
 11577 | D:9      | Killed a two-headed ogre
 12149 | D:9      | Found a transporter.
 12292 | D:9      | Killed a two-headed ogre
 12293 | D:9      | Reached skill level 10 in Dodging
 12522 | D:9      | Killed a catoblepas
 12768 | D:9      | Found Efonur's CLEARANCE SALE!.
 12776 | D:9      | Bought a wand of acid (4) for 67 gold pieces
 12776 | D:9      | Bought a +0 buckler for 18 gold pieces
 13000 | D:9      | Killed a deep elf pyromancer
 13337 | D:9      | Reached XP level 12. HP: 67/99 MP: 0/0
 14356 | D:9      | Slain by a freezing wraith

Illustrated notes

Levels and vault maps discovered:
D:1:      reono_arrival_mine, layout_loops_ring, serial_co_window_serial,
          co_window_corner_a, co_window_paths_a, co_window_paths_a,
          co_window_of_opportunity_a, co_window_corner_a, co_window_corner_b,
          co_window_of_opportunity_b, co_window_corner_b,
          co_window_of_opportunity_c, co_window_broadway_c, co_window_corner_b,
          glass_columns_b, glass_columns_a, minmay_pentomino_o2
D:2:      layout_basic, uniq_robin
D:3:      layout_basic, chequers_serial_rivers_small_a, uniq_ijyb, uniq_terence
D:4:      layout_cave_pods
D:5:      layout_cave_pools, minmay_a_box_with_orc_wizards_in_it, uniq_sigmund,
          uniq_crazy_yiuf_cottage, uniq_duvessa
D:6:      layout_basic, minmay_temple_entry_waves
D:7:      layout_cave_pods, st_stairs_8, chequers_avenue
D:8:      layout_loops_cross, grunt_temple_overflow_holy_war, lair_entry_dummy,
          enter_ossuary_5, hellmonk_guarded_unrand_dark_maul
D:9:      minmay_the_grid_triangle_9x9_rhombus_full
          [minmay_the_grid_triangle_9x9_impossible_snake,
          minmay_the_grid_triangle_9x9_sparse_checkered,
          minmay_the_grid_triangle_9x9_alien,
          minmay_the_grid_triangle_9x9_thin_v,
          minmay_the_grid_triangle_9x9_checkered,
          minmay_the_grid_triangle_9x9_limited_checkers,
          minmay_the_grid_triangle_9x9_corrupted_corridor,
          minmay_the_grid_triangle_9x9_prize_top_heavy], layout_grid_maze,
          gammafunk_ghost_arena, nicolae_shop_clearance
Temple:   mainiacjoe_temple_cubbyholes

Skill      XL: |  1  2  3  4  5  6  7  8  9 10 11 12 |
---------------+-------------------------------------+-----
Spellcasting   | 4 5 6 |  6.1
Conjurations   | 4 5 6 |  6.1
Hexes          | 4 5 6 |  6.1
Summonings     | 4 5 6 |  6.1
Necromancy     | 4 5 6 |  6.1
Translocations | 4 5 6 |  6.1
Transmutations | 4 5 6 |  6.1
Fire Magic     | 4 5 6 |  6.1
Ice Magic      | 4 5 6 |  6.1
Air Magic      | 4 5 6 |  6.1
Earth Magic    | 4 5 6 |  6.1
Poison Magic   | 4 5 6 |  6.1
Fighting       | 4 7 11 12 | 12.1
Armour         | 4 6 |  6.6
Dodging        | 7 10 | 10.7
Evocations     | 2 |  2.0
Stealth        | |  1.5

Action                     |  1- 3 |  4- 6 |  7- 9 | 10-12 || total
---------------------------+-------+-------+-------+-------++-------
  Melee: Unarmed           |       |     6 |       |       ||     6
         Dagger            |       |       |     4 |       ||     4
         War axe           |       |       |       |    19 ||    19
         Punch             |       |       |       |     1 ||     1
   Cast: Magic Dart        |    74 |   112 |   154 |   123 ||   463
         Iskenderun's Myst |       |     1 |    51 |   159 ||   211
         Fulminant Prism   |       |     1 |     7 |     4 ||    12
         Dazzling Flash    |       |     1 |     1 |     1 ||     3
         Searing Ray       |       |       |     5 |     3 ||     8
         Summon Small Mamm |       |       |     1 |     1 ||     2
         Tukima's Dance    |       |       |    14 |    33 ||    47
         Jinxbite          |       |       |     2 |     1 ||     3
         Cause Fear        |       |       |       |     1 ||     1
         Teleport Other    |       |       |       |     1 ||     1
 Invoke: Curse Item        |       |       |       |     3 ||     3
  Evoke: Wand              |       |       |       |     8 ||     8
    Use: Scroll            |       |     7 |     2 |     8 ||    17
         Potion            |       |       |       |     7 ||     7
 Armour: Robe              |     3 |       |       |       ||     3
         Leather armour    |     7 |     7 |    37 |    95 ||   146
         Skin              |       |     1 |       |       ||     1
  Dodge: Dodged            |     5 |     9 |    22 |    95 ||   131
  Block: Other             |       |     2 |     5 |    36 ||    43
         Reflection        |       |       |       |     5 ||     5

Table legend: (Time is in decaauts)
 A = Elapsed time spent in this place.
 B = Non-inter-level travel time spent in this place.
 C = Inter-level travel time spent in this place.
 D = Time resting spent in this place.
 E = Time spent auto-exploring this place.
 F = Levels seen in this place.
 G = Mean time per level.
                   A        B        C        D        E       F      G
               +--------+--------+--------+--------+--------+-----+--------+
         Total |  14377 |  13791 |    586 |   3294 |   8643 |  11 | 1307.0 |
       Dungeon |  13656 |  13215 |    441 |   3294 |   8170 |   9 | 1517.3 |
        Temple |    157 |     12 |    145 |      0 |      0 |   1 |  157.0 |
       Ossuary |    562 |    562 |      0 |      0 |    473 |   1 |  562.0 |
               +--------+--------+--------+--------+--------+-----+--------+

Top non-repeatable levels by time:
     D:9: 3965 daAuts
     D:8: 2043 daAuts
     D:7: 1368 daAuts
     D:5: 1244 daAuts
     D:4: 1231 daAuts
     D:1: 1129 daAuts
     D:6: 1095 daAuts
     D:2: 804 daAuts
     D:3: 773 daAuts
 Ossuary: 562 daAuts
  Temple: 157 daAuts
